Map: Incorporeal LE

Players

ManlyManMeat

  • Race: Zerg Zerg
  • League: Diamond
  • Spawn Location: 5:00

Serg - Winner!

  • Race: Zerg Zerg
  • Spawn Location: 11:00

VOD

Have the link to the VOD?

Description

Time

  • Played on: July 1, 2025, 4:21 a.m.
  • Length: 7:10
Show
View Real Time Build Order
Export as new Build Order

ManlyManMeat Zerg 

Build Orders: Hatch First 

Get SALT Encoding   

  12  0:00  Drone  
  13  0:07  Drone  
  14  0:15  Extractor  
  14  0:16  Drone  
  15  0:21  Overlord  
  15  0:42  Drone  
  16  0:46  Hatchery  
  15  0:50  Drone  
  16  0:57  Drone  
  16  1:04  Extractor  
  16  1:11  Spawning Pool  
  15  1:22  Drone x3  
  18  1:36  Drone  
  19  1:59  Spine Crawler  
  19  2:00  Spine Crawler  
  17  2:01  Drone x2  
  17  2:03  Overlord  
  17  2:06  Queen  
  21  2:12  Zergling x2  
  22  2:17  Zergling x4  
  24  2:24  Zergling x2  
  25  2:32  Zergling x4  
  25  2:36  Metabolic Boost  
  26  3:04  Queen  
  28  3:08  Baneling Nest  
  28  3:09  Overlord  
  27  3:22  Zergling x2  
  28  3:28  Hatchery  
  27  3:36  Hatchery  
  26  3:42  Zergling x4  
  28  3:53  Baneling x2  
  28  3:54  Baneling x2  
  28  3:58  Zergling x10  
  33  4:18  Zergling x4  
  33  4:22  Overlord  
  32  4:34  Zergling x4  
  32  4:35  Zergling x2  
  33  4:41  Baneling  
  33  4:47  Evolution Chamber  
  31  4:54  Zergling x10  
  35  5:07  Zergling x2  
  36  5:15  Lair  
  36  5:20  Zergling x2  
  37  5:31  Baneling  
  37  5:32  Zergling x4, Baneling  
  39  5:49  Zergling x6  
  38  6:01  Zergling x2  
  28  6:14  Zergling x2  
  28  6:15  Zergling x4  
  30  6:28  Zergling x2  
  29  6:35  Spire  
  26  6:45  Zergling x2  
  26  6:46  Zergling x2  
Show
View Real Time Build Order
Export as new Build Order

Serg Zerg - Winner!

Build Orders: Pool First 

Get SALT Encoding   

  12  0:01  Drone  
  13  0:08  Extractor  
  12  0:25  Spawning Pool  
  11  0:30  Drone  
  12  0:36  Drone  
  12  0:40  Drone  
  14  0:52  Overlord  
  14  1:14  Metabolic Boost  
  14  1:15  Zergling x6  
  17  1:26  Zergling x2  
  18  1:37  Zergling x2  
  18  1:38  Queen  
  21  1:57  Hatchery  
  20  2:10  Drone x2  
  20  2:14  Overlord  
  22  2:37  Drone  
  22  2:38  Drone, Roach Warren  
  23  3:08  Overlord  
  22  3:21  Roach  
  22  3:22  Baneling Nest, Roach x3  
  22  3:26  Drone  
  30  3:36  Roach  
  31  3:47  Roach x2  
  35  3:49  Drone  
  36  4:01  Roach  
  36  4:02  Roach  
  40  4:08  Roach  
  42  4:24  Baneling x2  
  42  4:26  Drone  
  43  4:31  Queen  
  43  4:38  Baneling x2  
  43  4:39  Overlord  
  43  4:52  Zergling x4  
  44  4:58  Zergling x2  
  45  5:15  Zergling x2  
  45  5:16  Zergling x12  
  52  5:25  Overlord  
  52  5:34  Baneling  
  52  5:36  Baneling  
  52  5:41  Overlord  
  52  5:42  Overlord  
  51  5:45  Zergling x2  
  51  5:46  Zergling x2  
  46  6:01  Zergling x8  
  45  6:09  Zergling x4  
  43  6:16  Zergling x2  
  41  6:21  Drone x2  
  37  6:36  Drone  
  30  6:55  Drone  
  30  6:56  Drone x2  
Tags
 
League
Diamond
Matchup
ZvZ
Race
Zerg
Replay Pack
Myownreplay2
Spawn Locations
Cross Positions
Add a new tag
Caveats
  • Supply blocks, unpowered buildings, or Contaminate may cause inaccurate times.
  • Supply counts are checked every 10 seconds.